 Dungeon Crawl Stone Soup version 0.21.0-37-g46506fa (webtiles) character file.

1939 pk666 the Cleaver (level 8, -9/120 HPs)
             Began as a Minotaur Berserker on Feb 1, 2018.
             Was an Elder of Trog.
             Mangled by an orc warrior
             ... wielding a +0 glaive
              (28 damage)
             ... on level 6 of the Dungeon.
             The game lasted 00:09:43 (4878 turns).

pk666 the Cleaver (Minotaur Berserker)              Turns: 4878, Time: 00:09:43

Health: -9/120     AC:  8    Str: 29    XL:     8   Next: 98%
Magic:  7/7        EV: 11    Int:  4    God:    Trog [****..]
Gold:   386        SH:  0    Dex: 10    Spells: 7/7 levels left

rFire    . . .     SeeInvis .   l - +1 war axe
rCold    + . .     Gourm    .   (no shield)
rNeg     + . .     Faith    +   g - +1 ring mail {rC+}
rPois    .         Spirit   .   (helmet restricted)
rElec    .         Reflect  .   k - +1 cloak
rCorr    .         Harm     .   (no gloves)
MR       .....                  (no boots)
Stlth    ..........             m - amulet of faith
HPRegen  0.30/turn              f - ring of positive energy
MPRegen  0.10/turn              (no ring)

@: berserking, very quick
A: retaliatory headbutt, horns 2
a: Berserk, Trog's Hand, Brothers in Arms, Burn Spellbooks, Renounce Religion


You were on level 6 of the Dungeon.
You worshipped Trog.
Trog was greatly pleased with you.
You were very hungry.

You visited 2 branches of the dungeon, and saw 7 of its levels.

You collected 386 gold pieces.

Inventory:

Hand Weapons
 l - a +1 war axe (weapon)
Armour
 g - a +1 ring mail of cold resistance (worn)
 k - a +1 cloak (worn)
Jewellery
 f - a ring of positive energy (left hand)
 m - an amulet of faith (around neck)
Wands
 n - a wand of paralysis (5)
 s - a wand of flame (31)
Scrolls
 a - a scroll of enchant weapon
 h - 5 scrolls of identify
 j - 2 scrolls of magic mapping
 q - a scroll of teleportation {unknown}
 u - a scroll of remove curse
Potions
 b - a potion of might {unknown}
 d - 3 potions of curing
 e - 2 potions of agility {unknown}
 i - 2 potions of brilliance {unknown}
 o - a potion of heal wounds {unknown}
 r - a potion of berserk rage {unknown}
 t - a potion of degeneration {unknown}
Comestibles
 c - 12 rations
 p - 4 chunks of flesh


   Skills:
 + Level 10.4 Fighting
 + Level 10.4 Axes
 - Level 2.4 Armour
 - Level 2.1 Dodging


You had 7 spell levels left.
You didn't know any spells.

Dungeon Overview and Level Annotations

Branches:
Dungeon (6/15)             Temple (1/1) D:5

Altars:
Cheibriados
Elyvilon
Okawaru
Vehumet
The Shining One


Innate Abilities, Weirdness & Mutations

You reflexively headbutt those who attack you in melee.
You have a pair of horns on your head.


Message History

a club; an orc corpse You hit the orc warrior but do no damage.
You headbutt the orc warrior!
The orc warrior is moderately wounded.
The orc warrior hits you with a glaive!
You completely miss the orc warrior.
The orc warrior is moderately wounded.
The orc warrior barely misses you.
You hit the orc warrior but do no damage.
You headbutt the orc warrior, but do no damage.
The orc warrior is moderately wounded.
The orc warrior hits you with a glaive!!
* * * LOW HITPOINT WARNING * * *
A red film seems to cover your vision as you go berserk!
You feel yourself moving faster!
You feel mighty!
You are feeling very hungry.
You slash the orc warrior!
The orc warrior is severely wounded.
The orc warrior hits you with a glaive!!
You die...

.....# #.#.#
.##.# ######
#.#.# ### ###
#.#.# #.. ..#
#.#.# #.. ..#
#.#.# #.. ..#
#.#.# #..###..#
#.#.# #..[#...#
#.#.###..o.$..#
#.#...#..@.†..#
#.########'####
#...........#
#.###########
###


You could see an orc warrior.

Vanquished Creatures
  The ghost of buskinjo the Magician, a novice DrIE (D:4)
  An orc warrior (D:4)
  A phantom (D:6)
  2 ice beasts
  5 ogres
  A centaur (D:5)
  A scorpion (D:5)
  A crimson imp (D:5)
  A jelly (D:6)
  6 orc priests
  A bullfrog zombie (D:6)
  A hound (D:6)
  2 orc wizards
  Crazy Yiuf (D:3)
  2 bullfrog skeletons (D:6)
  Ijyb (D:3)
  2 worker ants
  7 gnolls
  5 adders
  A shadow imp (D:5)
  An adder zombie (D:6)
  4 worms
  A dart slug (D:5)
  4 leopard geckos
  24 orcs
  5 bats
  4 giant cockroaches
  5 goblins
  3 hobgoblins
  11 jackals
  9 kobolds
  4 quokkas
  2 ball pythons
  3 frilled lizards
  3 rats
126 creatures vanquished.

Notes
Turn   | Place    | Note
-------+----------+-------------------------------------------
     0 | D:1      | pk666 the Minotaur Berserker began the quest for the Orb.
     0 | D:1      | Reached XP level 1. HP: 19/19 MP: 0/0
   765 | D:2      | Reached XP level 2. HP: 22/27 MP: 1/1
   902 | D:2      | Reached XP level 3. HP: 24/34 MP: 2/2
  1468 | D:3      | Reached XP level 4. HP: 40/41 MP: 3/3
  1468 | D:3      | Reached skill level 5 in Axes
  1520 | D:3      | Reached skill level 5 in Fighting
  1522 | D:3      | Reached ** piety under Trog
  1614 | D:3      | Noticed Ijyb
  1619 | D:3      | Paralysed by Ijyb for 3 turns
  1627 | D:3      | Killed Ijyb
  1627 | D:3      | Reached XP level 5. HP: 12/48 MP: 4/4
  1874 | D:3      | Found a runed door.
  1878 | D:3      | Noticed Crazy Yiuf
  1881 | D:3      | Killed Crazy Yiuf
  2388 | D:4      | Noticed an ogre
  2392 | D:4      | Reached *** piety under Trog
  2401 | D:4      | Killed an ogre
  2401 | D:4      | Reached XP level 6. HP: 31/58 MP: 5/5
  2624 | D:4      | Found a radiant altar of Vehumet.
  2628 | D:4      | Noticed an orc warrior
  2630 | D:4      | Found a snail-covered altar of Cheibriados.
  2630 | D:4      | Found a white marble altar of Elyvilon.
  2637 | D:4      | Killed an orc warrior
  2966 | D:4      | Reached XP level 7. HP: 27/66 MP: 6/6
  3013 | D:4      | Found a glowing golden altar of the Shining One.
  3245 | D:4      | Noticed buskinjo's ghost (novice DrIE)
  3254 | D:4      | Killed buskinjo's ghost
  3420 | D:5      | Entered Level 5 of the Dungeon
  3520 | D:5      | Found a staircase to the Ecumenical Temple.
  3538 | Temple   | Entered the Ecumenical Temple
  3554 | D:5      | Reached **** piety under Trog
  3556 | D:5      | Reached XP level 8. HP: 47/77 MP: 7/7
  4554 | D:6      | Reached skill level 10 in Fighting
  4554 | D:6      | Reached skill level 10 in Axes
  4878 | D:6      | Mangled by an orc warrior

Skill      XL: |  1  2  3  4  5  6  7  8 |
---------------+-------------------------+-----
Fighting       | 4 5 6 7 8 10 | 10.4
Axes           | 4 5 6 7 8 10 | 10.4
Armour         | |  2.4
Dodging        | |  2.1

Action                   |  1- 3 |  4- 6 |  7- 9 || total
-------------------------+-------+-------+-------++-------
Melee: Hand axe          |    55 |    17 |       ||    72
       Headbutt          |    10 |    20 |    25 ||    55
       War axe           |       |    83 |   117 ||   200
Invok: Burn Spellbooks   |     1 |       |     1 ||     2
       Berserk           |       |     1 |     2 ||     3
  Use: Scroll            |       |       |     7 ||     7
  Eat: Chunk             |     1 |     6 |     7 ||    14
Armor: Ring mail         |    17 |    37 |    36 ||    90
Dodge: Dodged            |    28 |    49 |    60 ||   137
